AA
SIOUX FALLS CANARIES @ LINCOLN SALTDOGS
05/10/2099
 
TOP OF THE 1ST
St. Paul Saints batting - Pitching for Chicago Dogs : RHP Sam Schlangen
Pitching: RHP Sam Schlangen
Batting: RHB Craig White 0-0: Called Strike
0-1: Foul Ball, location: 7LMF
0-2: Strikes out swinging
Batting: RHB Dane Freeman 0-0: Called Strike
0-1: Swinging Strike
0-2: Ball
1-2: SINGLE (Line Drive, 4D, EV 106.9 MPH)
Batting: LHB Jody Hazel 0-0: Called Strike
0-1: Ball
1-1: Fielders Choice at 2nd, 4-6 (Groundball, 4, EV 85.6 MPH)
Batting: RHB Juan Pena 0-0: Ball
1-0: Called Strike
1-1: Ball
2-1: Swinging Strike
2-2: Ground out U3 (Groundball, 3, EV 65.0 MPH)
Top of the 1st over - 0 runs, 1 hit, 0 errors, 1 left on base; St. Paul 0 - Chicago 0
BOTTOM OF THE 1ST
Chicago Dogs batting - Pitching for St. Paul Saints : LHP Ryan Leger
Pitching: LHP Ryan Leger
Batting: RHB Keith Miller 0-0: Ball
1-0: Ball
2-0: Called Strike
2-1: Foul Ball, location: 9LSF
2-2: Foul Ball, location: 3F
2-2: Fly out, F7 (Line Drive, 78M, EV 96.9 MPH)
Batting: LHB Jesse Hansen 0-0: Foul Ball, location: 5SF
0-1: Called Strike
0-2: Ball
1-2: Ball
2-2: Strikes out looking
Batting: RHB Bill Miller 0-0: Ball
1-0: Foul Ball, location: 5FF
1-1: Ground out 3-1 (Groundball, 34, EV 102.5 MPH)
Bottom of the 1st over - 0 runs, 0 hits, 0 errors, 0 left on base; St. Paul 0 - Chicago 0
TOP OF THE 2ND
St. Paul Saints batting - Pitching for Chicago Dogs : RHP Sam Schlangen
Batting: RHB Severiano Laborinhos 0-0: Ball
1-0: Called Strike
1-1: Foul Ball, location: 2F
1-2: Ball
2-2: Strikes out swinging
Batting: RHB Jaap Coppens 0-0: Ground out U3 (Groundball, 3S, EV 90.6 MPH)
Batting: RHB Mike Mielke 0-0: Called Strike
0-1: Called Strike
0-2: Strikes out swinging
Top of the 2nd over - 0 runs, 0 hits, 0 errors, 0 left on base; St. Paul 0 - Chicago 0
BOTTOM OF THE 2ND
Chicago Dogs batting - Pitching for St. Paul Saints : LHP Ryan Leger
Batting: LHB Larry Strike 0-0: Foul Ball, location: 7LDF
0-1: Ball
1-1: SINGLE (Line Drive, 56, EV 95.6 MPH)
Batting: RHB Lazaro Alvarez 0-0: Swinging Strike
0-1: Ball
1-1: Foul Ball, location: 2F
1-2: Strikes out swinging
Batting: SHB Braeden Wilson 0-0: Ball
1-0: Swinging Strike
1-1: Foul Ball, location: 7LMF
1-2: Strikes out looking
Batting: RHB Julio Reynoso 0-0: Called Strike
0-1: Called Strike
0-2: SINGLE (Flyball, 3D, EV 88.1 MPH)
Larry Strike to second
Runner from 2nd tries for 3rd, SAFE, throw by RF made to third
Batting: RHB Richard Eidson 0-0: Foul Ball, location: 9LDF
0-1: Called Strike
0-2: Strikes out looking
Bottom of the 2nd over - 0 runs, 2 hits, 0 errors, 2 left on base; St. Paul 0 - Chicago 0
TOP OF THE 3RD
St. Paul Saints batting - Pitching for Chicago Dogs : RHP Sam Schlangen
Batting: RHB Alex Alejandro 0-0: Called Strike
0-1: Ball
1-1: Ground out 6-3 (Groundball, 4MS, EV 83.1 MPH)
Batting: LHB Antonio Corral 0-0: Called Strike
0-1: Foul Ball, location: 2F
0-2: Strikes out swinging
Batting: RHB Craig White 0-0: Called Strike
0-1: Swinging Strike
0-2: DOUBLE (Flyball, 8RXD, EV 96.3 MPH)
Batting: RHB Dane Freeman 0-0: Swinging Strike
0-1: Swinging Strike
0-2: Ball
1-2: Strikes out swinging
Top of the 3rd over - 0 runs, 1 hit, 0 errors, 1 left on base; St. Paul 0 - Chicago 0
BOTTOM OF THE 3RD
Chicago Dogs batting - Pitching for St. Paul Saints : LHP Ryan Leger
Batting: LHB Nick Skowronski 0-0: Swinging Strike
0-1: Ball
1-1: Called Strike
1-2: Ball
2-2: Foul Ball, location: 2F
2-2: Strikes out swinging
Batting: RHB Keith Miller 0-0: Called Strike
0-1: Fly out, F7 (Flyball, 7, EV 95.6 MPH)
Batting: LHB Jesse Hansen 0-0: Ball
1-0: Ball
2-0: Called Strike
2-1: Called Strike
2-2: Strikes out swinging
Bottom of the 3rd over - 0 runs, 0 hits, 0 errors, 0 left on base; St. Paul 0 - Chicago 0
TOP OF THE 4TH
St. Paul Saints batting - Pitching for Chicago Dogs : RHP Sam Schlangen
Batting: LHB Jody Hazel 0-0: Swinging Strike
0-1: Ball
1-1: Swinging Strike
1-2: SINGLE (Groundball, 4MD, EV 108.1 MPH)
Batting: RHB Juan Pena 0-0: Called Strike
0-1: Ball
1-1: Foul Ball, location: 23FF
1-2: Foul Ball, location: 23F
1-2: Fielders Choice at 2nd, 4-6 (Groundball, 4, EV 82.5 MPH)
Batting: RHB Severiano Laborinhos 0-0: Grounds into double play, 6-4-3 (Groundball, 6, EV 86.9 MPH)
Top of the 4th over - 0 runs, 1 hit, 0 errors, 0 left on base; St. Paul 0 - Chicago 0
BOTTOM OF THE 4TH
Chicago Dogs batting - Pitching for St. Paul Saints : LHP Ryan Leger
Batting: RHB Bill Miller 0-0: Ball
1-0: Ball
2-0: Foul Ball, location: 2F
2-1: Ball
3-1: Base on Balls
Batting: LHB Larry Strike 0-0: Ball
1-0: Fielders Choice at 2nd, 6-4 (Groundball, 6, EV 78.8 MPH)
Batting: RHB Lazaro Alvarez 0-0: Fielders Choice at 2nd, 6-4 (Groundball, 56, EV 84.4 MPH)
Batting: SHB Braeden Wilson 0-0: Called Strike
0-1: Ball
1-1: Called Strike
1-2: Foul Ball, location: 2F
1-2: Foul Ball, location: 2F
1-2: Ball
2-2: Ball
3-2: Foul Ball, location: 2RF
3-2: Strikes out swinging
Bottom of the 4th over - 0 runs, 0 hits, 0 errors, 1 left on base; St. Paul 0 - Chicago 0
TOP OF THE 5TH
St. Paul Saints batting - Pitching for Chicago Dogs : RHP Sam Schlangen
Now at 2B: Lazaro Alvarez
Now at 3B: Ricky Aguirre
Now in CF: Dave Tracy
Now in RF: Nick Skowronski
Batting: RHB Jaap Coppens 0-0: Ball
1-0: Called Strike
1-1: Fly out, F4 (Popup, 34D, EV 51.3 MPH)
Batting: RHB Mike Mielke 0-0: Foul Ball, location: 9LDF
0-1: Ball
1-1: Foul Ball, location: 3FF
1-2: Foul Ball, location: 25FF
1-2: Strikes out swinging
Batting: RHB Alex Alejandro 0-0: Ball
1-0: Ball
2-0: DOUBLE (Flyball, 8RXD, EV 98.8 MPH)
Batting: LHB Antonio Corral 0-0: Called Strike
0-1: Ball
1-1: Called Strike
1-2: Ball
2-2: Strikes out swinging
Top of the 5th over - 0 runs, 1 hit, 0 errors, 1 left on base; St. Paul 0 - Chicago 0
BOTTOM OF THE 5TH
Chicago Dogs batting - Pitching for St. Paul Saints : LHP Ryan Leger
Pitching: RHP Matt Lidstone
Now at C: Josh Smiley
Now at 1B: Brad Brown
Batting: RHB Julio Reynoso 0-0: Called Strike
0-1: Foul Ball, location: 9LSF
0-2: Ball
1-2: Ball
2-2: Ground out 5-3 (Groundball, 56, EV 90.6 MPH)
Batting: RHB Richard Eidson 0-0: Called Strike
0-1: Foul Ball, location: 3FF
0-2: Ball
1-2: Fly out, F7 (Line Drive, 78D, EV 96.9 MPH)
Batting: LHB Nick Skowronski 0-0: Ball
1-0: Ball
2-0: Ball
3-0: Called Strike
3-1: Fly out, F9 (Flyball, 9, EV 81.9 MPH)
Bottom of the 5th over - 0 runs, 0 hits, 0 errors, 0 left on base; St. Paul 0 - Chicago 0
TOP OF THE 6TH
St. Paul Saints batting - Pitching for Chicago Dogs : RHP Sam Schlangen
Pitching: RHP Joaquin Zapatero
Now at C: David Archer
Pinch Hitting: RHB Mark Germain 0-0: Ground out U3 (Groundball, 34S, EV 81.3 MPH)
Pinch Hitting: RHB Luke Toal 0-0: Called Strike
0-1: Ball
1-1: Ball
2-1: Fly out, F3 (Popup, 3F, EV 60.6 MPH)
Batting: RHB Josh Smiley 0-0: Ball
1-0: Swinging Strike
1-1: Ball
2-1: Foul Ball, location: 7LMFF
2-2: Foul Ball, location: 9LDF
2-2: Strikes out swinging
Top of the 6th over - 0 runs, 0 hits, 0 errors, 0 left on base; St. Paul 0 - Chicago 0
BOTTOM OF THE 6TH
Chicago Dogs batting - Pitching for St. Paul Saints : RHP Matt Lidstone
Pitching: RHP Dustin McCue
Now at 2B: Mark Germain
Now in CF: Mike Mielke
Now in RF: Luke Toal
Batting: RHB Ricky Aguirre 0-0: Ball
1-0: Swinging Strike
1-1: Ball
2-1: Foul Ball, location: 5F
2-2: Strikes out swinging
Batting: LHB Dave Tracy 0-0: Swinging Strike
0-1: Ball
1-1: SINGLE (Line Drive, 78S, EV 105.6 MPH)
Batting: RHB Cameron McCrary 0-0: DOUBLE (Line Drive, 8RD, EV 91.9 MPH)
Dave Tracy to third
Batting: LHB Larry Strike 0-0: Called Strike
0-1: Hit by Pitch
Pinch Hitting: LHB Norm Moehring 0-0: Called Strike
0-1: Grounds into double play, 5-2-3 (Groundball, 56, EV 81.3 MPH)
Bottom of the 6th over - 0 runs, 2 hits, 0 errors, 2 left on base; St. Paul 0 - Chicago 0
TOP OF THE 7TH
St. Paul Saints batting - Pitching for Chicago Dogs : RHP Joaquin Zapatero
Pitching: RHP Manny Mendoza
Now at 2B: Norm Moehring
Batting: LHB Trevor Charleston 0-0: Called Strike
0-1: Ball
1-1: SINGLE (Groundball, 6MD, EV 99.4 MPH)
Batting: RHB Severiano Laborinhos 0-0: Called Strike
0-1: SINGLE (Line Drive, 8LS, EV 104.4 MPH)
Trevor Charleston to second
Batting: RHB Brad Brown 0-0: Called Strike
0-1: Swinging Strike
0-2: Ball
1-2: Fly out, F4 (Popup, 4M, EV 59.4 MPH)
Batting: RHB Mike Mielke 0-0: Called Strike
0-1: Called Strike
0-2: Ball
1-2: Strikes out swinging
Batting: RHB Alex Alejandro 0-0: Foul Ball, location: 2F
0-1: Ball
1-1: Fly out, F8 (Flyball, 8RD, EV 95.0 MPH)
Top of the 7th over - 0 runs, 2 hits, 0 errors, 2 left on base; St. Paul 0 - Chicago 0
BOTTOM OF THE 7TH
Chicago Dogs batting - Pitching for St. Paul Saints : RHP Dustin McCue
Pitching: RHP Jimmy Wagner
Batting: SHB Braeden Wilson 0-0: Ball
1-0: Ball
2-0: SOLO HOME RUN (Flyball, 78XD, EV 110.6 MPH), Distance : 454 ft
Pinch Hitting: LHB Dave Haye 0-0: Ball
1-0: Swinging Strike
1-1: Ball
2-1: Ball
3-1: Foul Ball, location: 2F
3-2: Ground out 5-3 (Groundball, 56, EV 86.9 MPH)
Batting: RHB David Archer 0-0: Ball
1-0: Foul Ball, location: 9LSF
1-1: Swinging Strike
1-2: Strikes out swinging
Batting: LHB Nick Skowronski 0-0: Foul Ball, location: 2F
0-1: Ball
1-1: Fly out, F8 (Flyball, 8LXD, EV 102.5 MPH)
Bottom of the 7th over - 1 run, 1 hit, 0 errors, 0 left on base; St. Paul 0 - Chicago 1
TOP OF THE 8TH
St. Paul Saints batting - Pitching for Chicago Dogs : RHP Manny Mendoza
Pitching: LHP Randy Stanford
Now in LF: Dave Haye
Batting: LHB Antonio Corral 0-0: Called Strike
0-1: Foul Ball, location: 2LF
0-2: Ball
1-2: SINGLE (Line Drive, 34, EV 100.6 MPH)
Batting: RHB Mark Germain 0-0: Bunt missed!
0-1: Ball
1-1: Sac Bunt to 3S - play at first, batter OUT! 3-1
Antonio Corral to second
Batting: RHB Luke Toal 0-0: Ground out 5-3 (Groundball, 56, EV 96.9 MPH)
Batting: RHB Josh Smiley 0-0: Ball
1-0: Ball
2-0: Ball
3-0: Called Strike
3-1: Called Strike
3-2: Base on Balls
Batting: LHB Trevor Charleston 0-0: Called Strike
0-1: Ball
1-1: DOUBLE (Line Drive, 3D, EV 97.5 MPH)
Antonio Corral scores
Josh Smiley to third
Batting: RHB Severiano Laborinhos 0-0: Called Strike
0-1: Called Strike
0-2: Ball
1-2: Foul Ball, location: 9LDF
1-2: Foul Ball, location: 9LSF
1-2: Ground out 4-3 (Groundball, 4, EV 91.3 MPH)
Top of the 8th over - 1 run, 2 hits, 0 errors, 2 left on base; St. Paul 1 - Chicago 1
BOTTOM OF THE 8TH
Chicago Dogs batting - Pitching for St. Paul Saints : RHP Jimmy Wagner
Pitching: RHP Devin Goshay
Batting: RHB Ricky Aguirre 0-0: Called Strike
0-1: Foul Ball, location: 9LSFF
0-2: Ball
1-2: Ball
2-2: Ball
3-2: DOUBLE (Line Drive, 7LD, EV 108.1 MPH)
Batting: LHB Dave Tracy 0-0: Called Strike
0-1: Ball
1-1: Ball
2-1: Swinging Strike
2-2: Strikes out swinging
Batting: RHB Cameron McCrary 0-0: Ball
1-0: Called Strike
1-1: Called Strike
1-2: Ball
2-2: Ball
3-2: Strikes out swinging
Batting: LHB Larry Strike 0-0: Called Strike
0-1: Ground out 6-3 (Groundball, 56, EV 91.3 MPH)
Bottom of the 8th over - 0 runs, 1 hit, 0 errors, 1 left on base; St. Paul 1 - Chicago 1
TOP OF THE 9TH
St. Paul Saints batting - Pitching for Chicago Dogs : LHP Randy Stanford
Pitching: RHP Juan Rivera
Batting: RHB Brad Brown 0-0: Called Strike
0-1: Foul Ball, location: 5FF
0-2: Ball
1-2: Strikes out swinging
Batting: RHB Mike Mielke 0-0: Ball
1-0: Ball
2-0: Foul Ball, location: 23F
2-1: Swinging Strike
2-2: Strikes out looking
Batting: RHB Alex Alejandro 0-0: SINGLE (Groundball, 23, EV 65.6 MPH) (infield hit)
Batting: LHB Antonio Corral 0-0: Ball
1-0: Ball
2-0: Foul Ball, location: 5SF
2-1: Ground out 4-3 (Groundball, 4, EV 98.8 MPH)
Top of the 9th over - 0 runs, 1 hit, 0 errors, 1 left on base; St. Paul 1 - Chicago 1
BOTTOM OF THE 9TH
Chicago Dogs batting - Pitching for St. Paul Saints : RHP Devin Goshay
Pitching: RHP Robbie Denton
Batting: LHB Norm Moehring 0-0: Called Strike
0-1: Ground out 4-3 (Groundball, 4, EV 109.4 MPH)
Batting: SHB Braeden Wilson 0-0: Ball
1-0: Swinging Strike
1-1: Ball
2-1: Called Strike
2-2: Foul Ball, location: 2F
2-2: Ball
3-2: Strikes out swinging
Batting: LHB Dave Haye 0-0: SINGLE (Flyball, 89S, EV 96.9 MPH)
Batting: RHB David Archer 0-0: Ball
1-0: Ball
2-0: SINGLE (Line Drive, 8LS, EV 107.5 MPH)
Dave Haye to second
Batting: LHB Nick Skowronski 0-0: Ball
1-0: Ball
2-0: Ball
3-0: Base on Balls
Dave Haye to third
David Archer to second
Batting: RHB Ricky Aguirre 0-0: Fielders Choice at 2nd, U6 (Groundball, 6M, EV 83.8 MPH)
Bottom of the 9th over - 0 runs, 2 hits, 0 errors, 3 left on base; St. Paul 1 - Chicago 1
TOP OF THE 10TH
St. Paul Saints batting - Pitching for Chicago Dogs : RHP Juan Rivera
Pitching: LHP Robby Carson
Batting: RHB Mark Germain 0-0: Called Strike
0-1: Swinging Strike
0-2: Foul Ball, location: 2F
0-2: Foul Ball, location: 2F
0-2: Ball
1-2: Strikes out swinging
Batting: RHB Luke Toal 0-0: Swinging Strike
0-1: Swinging Strike
0-2: Fly out, F8 (Flyball, 8LD, EV 110.6 MPH)
Batting: RHB Josh Smiley 0-0: Called Strike
0-1: Swinging Strike
0-2: Ball
1-2: Ball
2-2: Ball
3-2: Foul Ball, location: 2F
3-2: Foul Ball, location: 2F
3-2: Foul Ball, location: 9LSF
3-2: Base on Balls
Batting: RHB Mat Ginsburg 0-0: Ball
1-0: Foul Ball, location: 2F
1-1: Fly out, F6 (Popup, 56, EV 62.5 MPH)
Top of the 10th over - 0 runs, 0 hits, 0 errors, 1 left on base; St. Paul 1 - Chicago 1
BOTTOM OF THE 10TH
Chicago Dogs batting - Pitching for St. Paul Saints : RHP Robbie Denton
Pitching: RHP Eddie Wallin
Batting: LHB Dave Tracy 0-0: Ground out 5-3 (Groundball, 5, EV 88.1 MPH)
Batting: RHB Cameron McCrary 0-0: Swinging Strike
0-1: Ground out 4-3 (Groundball, 4MS, EV 80.6 MPH)
Batting: LHB Larry Strike 0-0: Fly out, F8 (Flyball, 8RD, EV 105.6 MPH)
Bottom of the 10th over - 0 runs, 0 hits, 0 errors, 0 left on base; St. Paul 1 - Chicago 1
TOP OF THE 11TH
St. Paul Saints batting - Pitching for Chicago Dogs : LHP Robby Carson
Pitching: RHP Jason Hawk
Batting: RHB Severiano Laborinhos 0-0: Ball
1-0: Ball
2-0: DOUBLE (Flyball, 8LD, EV 111.3 MPH)
Batting: RHB Brad Brown 0-0: Ball
1-0: Ball
2-0: Foul Ball, location: 2F
2-1: Ball
3-1: Bunt - Flyout to 3S! F3
Batting: RHB Mike Mielke 0-0: Called Strike
0-1: Ball
1-1: Swinging Strike
1-2: Ball
2-2: Foul Ball, location: 23F
2-2: Foul Ball, location: 2F
2-2: Foul Ball, location: 3SF
2-2: Foul Ball, location: 7LMF
2-2: Foul Ball, location: 2F
2-2: Ball
3-2: Base on Balls
Batting: RHB Alex Alejandro 0-0: Called Strike
0-1: Fielders Choice at 2nd, 4-6 (Groundball, 4, EV 77.5 MPH)
Severiano Laborinhos to third
Batting: LHB Antonio Corral 0-0: Ball
1-0: Foul Ball, location: 2F
1-1: Ball
2-1: Foul Ball, location: 3F
2-2: SINGLE (Line Drive, 34D, EV 100.0 MPH)
Severiano Laborinhos scores
Alex Alejandro to second
Batting: RHB Mark Germain 0-0: Ball
1-0: Called Strike
1-1: Ball
2-1: Ball
3-1: Called Strike
3-2: Ground out U3 (Groundball, 34S, EV 71.9 MPH)
Top of the 11th over - 1 run, 2 hits, 0 errors, 2 left on base; St. Paul 2 - Chicago 1
BOTTOM OF THE 11TH
Chicago Dogs batting - Pitching for St. Paul Saints : RHP Eddie Wallin
Pitching: LHP Brian Dunk
Batting: LHB Norm Moehring 0-0: Ground out 6-3 (Groundball, 6M, EV 103.1 MPH)
Batting: SHB Braeden Wilson 0-0: SINGLE (Groundball, 56D, EV 104.4 MPH)
Batting: LHB Dave Haye 0-0: Grounds into double play, U6-3 (Groundball, 4MD, EV 110.0 MPH)
Bottom of the 11th over - 0 runs, 1 hit, 0 errors, 0 left on base; St. Paul 2 - Chicago 1
Sunday, May 5th , 2024 - OOTP Baseball 24.11 Build 85